 Dungeon Crawl Stone Soup version 0.32-a0-792-g3d70bf0 (webtiles) character file.

Game seed: 7416034564191366061

206 Dorkslayer the Chopper (level 5, -2/37 HPs)
             Began as an Octopode Fighter on Mar 20, 2024.
             Slain by a bullfrog (8 damage)
             ... in a sewer.
             The game lasted 00:06:40 (1915 turns).

Dorkslayer the Chopper (Octopode Fighter)           Turns: 1915, Time: 00:06:41

Health: -2/37      AC:  1    Str: 17    XL:     5   Next: 84%
Magic:  14/14      EV:  2    Int: 11    God:
Gold:   110        SH:  4    Dex: 11    Spells: 4/4 levels left

rFire   . . .        a - +0 war axe
rCold   . . .        b - +0 buckler
rNeg    . . .        (helmet restricted)
rPois   .            (no amulet)
rElec   .            e - ring of magical power
rCorr   .            (no ring)
SInv    .            (no ring)
Will    .....        (no ring)
Stlth   ++++         (no ring)
HPRegen 0.26/turn    (no ring)
MPRegen 0.14/turn    (no ring)
                     (no ring)

%: no passive effects
@: constricted
A: almost no armour, amphibious, 8 rings, camouflage 1, gelatinous body 1,
nimble swimmer 1, tentacles
a: no special abilities


You were in a sewer.
You visited 1 branch of the dungeon, and saw 3 of its levels.
You also visited: Sewer.

You collected 143 gold pieces.
You spent 33 gold pieces at shops.

Inventory:

Hand Weapons
 a - a +0 war axe (weapon)
 g - a +0 war axe
Missiles
 c - a throwing net (quivered)
Armour
 b - a +0 buckler (worn)
Jewellery
 e - a ring of magical power (left tentacle)
Scrolls
 d - 3 scrolls of immolation
 f - a scroll of teleportation
 k - a scroll of revelation {unknown}
Potions
 h - a potion of degeneration {unknown}
 i - 3 potions of curing
 j - a potion of brilliance {unknown}


   Skills:
 + Level 3.7 Fighting
 + Level 4.0 Axes
 + Level 3.6 Dodging
 + Level 2.3 Stealth
 + Level 3.6 Shields


You had 4 spell levels left.
You didn't know any spells.
Your spell library was empty.

Dungeon Overview and Level Annotations

Branches:
Dungeon (3/15)              Sewer (1/1)

Altars:

Shops:
D:1 *


Innate Abilities, Weirdness & Mutations

You cannot wear most types of armour.
You are amphibious.
You can wear up to eight rings at the same time.
Your skin changes colour to match your surroundings (Stealth+).
Your rubbery body absorbs attacks. (AC +1, EV +1)
You are camouflaged when in or above water. (Stealth+)
You have tentacles for arms and can constrict up to eight enemies at once.


Message History

There is an open door here.
The endoplasm quivers.
You slash the endoplasm!
You kill the endoplasm!
You enter the shallow water.
A ball python and a rat come into view.
An adder and a ball python come into view.
A ball python and 2 bullfrogs come into view.
The bullfrog gives a loud, deep croak!
The adder hisses angrily.
The bullfrog gives a loud, deep croak!
The ball python hisses angrily. x3; The rat squeaks loudly.
The ball python attacks as it pursues you!
The ball python bites you. The bullfrog hits you.
The bullfrog attacks as it pursues you! The bullfrog closely misses you.
You block the bullfrog's attack. The ball python closely misses you.
The ball python barely misses you. The adder bites you.
The ball python misses you. The ball python closely misses you.
The ball python barely misses you. The ball python misses you.
The adder closely misses you.
You miss the adder. Your grab misses the adder. Your squeeze misses the adder.
You hit the ball python.
You kill the ball python!
The bullfrog closely misses you. The adder closely misses you.
You block the ball python's attack. The ball python grabs you.
The ball python constricts you. The bullfrog hits you.
You barely miss the adder. You grab the adder. You squeeze the adder!
The adder is almost dead.
You hit the bullfrog. You closely miss the ball python.
You constrict the adder.
You kill the adder!
The ball python bites you. The ball python constricts you.
The bullfrog hits you! The bullfrog hits you.
* * * LOW HITPOINT WARNING * * *
The ball python bites you.
* * * LOW HITPOINT WARNING * * *
The ball python constricts you.
* * * LOW HITPOINT WARNING * * *
The bullfrog hits you!
You die...

.##......#
......#
.###.~..##
##~.~.##
###≈~≈≈~~#
#≈~≈~≈~#
#≈≈≈≈~≈#
#~~~≈≈≈#
#≈≈~~~~#
#≈~~~~≈#
#≈~~~~≈#
#≈≈r~≈≈#
#≈~~~~≈#
#≈≈≈~#~#
#~≈≈≈≈≈#
#FF≈≈~~#
#~~~≈≈≈#
#@S≈~.≈#
##.~~.≈#
#≈S≈~.~#
#....~≈#
#≈≈~≈~≈#
##..~~≈#
#≈≈~~#~#
#≈≈≈~~~#
#≈~≈~~≈#
#≈≈≈≈~~#
#≈~~~~≈#
#≈~≈~~≈#
#≈~~~≈≈#
#≈≈~≈~≈#
#≈≈~≈≈~#
#≈††~≈~#
#####≈~~≈≈≈#


You could see 2 bullfrogs, 2 ball pythons and a rat.

Vanquished Creatures
  4 gnolls (D:2)
  6 adders
  6 river rats
  3 dart slugs
  A ribbon worm (D:3)
  An orc (D:3)
  5 bats
  2 endoplasms (Sewer)
  3 giant cockroaches
  A hobgoblin (D:3)
  4 kobolds
  A quokka (D:1)
  7 ball pythons
  4 frilled lizards
  5 goblins
  23 rats
76 creatures vanquished.

Notes
Turn   | Place    | Note
-------+----------+-------------------------------------------
     0 | D:1      | Dorkslayer the Octopode Fighter began the quest for the
                  | Orb.
     0 | D:1      | Reached XP level 1. HP: 16/16 MP: 1/1
   393 | D:1      | Reached XP level 2. HP: 21/21 MP: 2/2
   498 | D:1      | Found a faded altar of an unknown god.
   613 | D:1      | Found Linnul's General Store.
   618 | D:1      | Bought a potion of curing for 33 gold pieces
   784 | D:2      | Reached XP level 3. HP: 26/26 MP: 3/3
   901 | D:2      | Reached skill level 3 in Axes
   901 | D:2      | Reached skill level 1 in Stealth
   901 | D:2      | Reached XP level 4. HP: 31/31 MP: 4/4
  1481 | D:3      | Found a faded altar of an unknown god.
  1546 | D:3      | Found a glowing drain.
  1563 | D:3      | Reached XP level 5. HP: 28/36 MP: 5/5
  1568 | Sewer    | Entered a sewer
  1803 | Sewer    | Reached skill level 4 in Axes
  1915 | Sewer    | Slain by a bullfrog

Illustrated notes

Levels and vault maps discovered:
D:1:      minmay_arrival_nine_rooms, layout_loops_ring,
          hellmonk_ecumenical_altar_arch_garden, serial_shops,
          nicolae_shop_crystal
D:2:      layout_basic, kennysheep_boxes
D:3:      layout_basic, nicolae_overflow_ecumenical_swirl, portal_sewer_entry_c,
          hellmonk_ghost_happy_afterlife
Sewer:    sewer_minmay_w

Skill      XL: |  1  2  3  4  5 |
---------------+----------------+-----
Axes           | 3 4 |  4.0
Stealth        | 1 2 |  2.3
Fighting       | |  3.7
Dodging        | |  3.6
Shields        | |  3.6

Action                     |  1- 3 |  4- 6 || total
---------------------------+-------+-------++-------
  Melee: War axe           |    35 |    78 ||   113
         Constrict         |    12 |    27 ||    39
         Tentacles         |     5 |    22 ||    27
    Use: Scroll            |     4 |     2 ||     6
         Potion            |     1 |       ||     1
   Stab: Sleeping          |     2 |     5 ||     7
         Distracted        |     1 |       ||     1
 Armour: Skin              |    16 |    43 ||    59
  Dodge: Dodged            |    20 |    65 ||    85
  Block: Buckler           |    10 |    18 ||    28

Table legend: (Time is in decaauts)
 A = Elapsed time spent in this place.
 B = Non-inter-level travel time spent in this place.
 C = Inter-level travel time spent in this place.
 D = Time resting spent in this place.
 E = Time spent auto-exploring this place.
 F = Levels seen in this place.
 G = Mean time per level.
                   A        B        C        D        E       F      G
               +--------+--------+--------+--------+--------+-----+--------+
         Total |   1956 |   1956 |      0 |     24 |    972 |   4 |  489.0 |
       Dungeon |   1596 |   1596 |      0 |      0 |    839 |   3 |  532.0 |
         Sewer |    359 |    359 |      0 |     24 |    133 |   1 |  359.0 |
               +--------+--------+--------+--------+--------+-----+--------+

Top non-repeatable levels by time:
     D:1: 744 daAuts
     D:2: 691 daAuts
   Sewer: 359 daAuts
     D:3: 161 daAuts
